 Dungeon Crawl Stone Soup version 0.21-a0-221-gfe971b9 (webtiles) character file.

1045 Gorglomux the Fighter (level 8, 0/82 HPs)
             Began as a Hill Orc Earth Elementalist on Aug 26, 2017.
             Was a Follower of Okawaru.
             Slain by a shadow imp (1 damage)
             ... on level 6 of the Dungeon.
             The game lasted 00:12:55 (8389 turns).

Gorglomux the Fighter (Hill Orc Earth Elementalist) Turns: 8389, Time: 00:12:56

Health: 0/82       AC:  4    Str: 13      XL:     8   Next: 25%
Magic:  3/10       EV: 11    Int: 15      God:    Okawaru [*.....]
Gold:   485        SH:  0    Dex:  3 (11) Spells: 9/10 levels left

rFire    + . .     SeeInvis .   G - +1 short sword (holy)
rCold    . . .     Gourm    .   (no shield)
rNeg     . . .     Faith    .   c - +0 robe
rPois    .         Spirit   .   (no helmet)
rElec    .         Reflect  .   V - +0 cloak
rCorr    .         Harm     .   Y - +0 pair of gloves
MR       .....                  (no boots)
Stlth    +.........             (no amulet)
HPRegen  0.23/turn              (no ring)
MPRegen  0.12/turn              (no ring)

@: about to teleport, very slightly contaminated
A: talons 1, blurry vision 1, fire resistance 1
a: Heroism, Renounce Religion


You were on level 6 of the Dungeon.
You worshipped Okawaru.
Okawaru was aware of your devotion.
You were not hungry.

You visited 2 branches of the dungeon, and saw 7 of its levels.

You collected 485 gold pieces.

Inventory:

Hand Weapons
 G - a +1 short sword of holy wrath (weapon)
Missiles
 b - 141 stones (quivered)
Armour
 c - a +0 robe (worn)
 V - a +0 cloak (worn)
 Y - a +0 pair of gloves (worn)
Scrolls
 B - a scroll of blinking
 C - 2 scrolls of remove curse
 F - a scroll of immolation
 K - a scroll of enchant armour
 R - 3 scrolls of identify
 S - a scroll of fog
 W - 2 scrolls of enchant weapon
Potions
 j - a potion of cancellation
 O - a potion of flight
 Z - 2 potions of mutation {!q}
Books
 e - a book of Geomancy

   Spells                             Type                      Level
   a - Sandblast                      Earth                        1
   b - Passwall                       Transmutation/Earth          2
   c - Stone Arrow                    Conjuration/Earth            3
   d - Petrify                        Transmutation/Earth          4
   e - Lee's Rapid Deconstruction     Earth                        5
Comestibles
 d - 4 bread rations
 z - 5 meat rations
 N - 2 royal jellies


   Skills:
 + Level 11.0 Fighting
 - Level 1.5 Dodging
 - Level 1.5 Stealth
 - Level 1.5 Spellcasting
   Level 0.6 Transmutations
 - Level 3.0 Earth Magic


You had 9 spell levels left.
You knew the following spells:

 Your Spells              Type           Power        Failure   Level  Hunger
a - Sandblast             Erth           ##....       7%          1    ##.....


Dungeon Overview and Level Annotations

Branches:
Dungeon (6/15)             Temple (1/1) D:5

Altars:
Ashenzari
Cheibriados
Dithmenos
Elyvilon
Gozag
Hepliaklqana
Kikubaaqudgha
Makhleb
Nemelex Xobeh
Okawaru
Qazlal
Sif Muna
Trog
Uskayaw
Vehumet
Wu Jian
Xom
Yredelemnul
The Shining One

Annotations:
D:2 Terence
D:3 Syneil's ghost, amateur MiFi


Innate Abilities, Weirdness & Mutations

You have sharp toenails.
Scrolls take you a little longer to read.
Your flesh is heat resistant. (rF+)


Message History

There's a creature in the doorway!!!
There's a creature in the doorway!!!
There's a creature in the doorway!!!
There's a creature in the doorway!!!
There's a creature in the doorway!!!
Okay, then!
Really read with blurry vision while enemies are nearby?
You begin reading the scroll!
You continue reading the scroll!
The shadow imp gestures at you!
Pain shoots through your body!!! * * * don't die
* * *
As you read the scroll of teleportation, it crumbles to dust!
You feel strangely unstable!
Unknown butt!
Okay, then!
Really read with blurry vision butt enemies are nearby? [Y]es or [N]o only, please!
Really read with blurry vision while enemies are nearby?
The shadow imp hits you! rip

# .# ## ..# #.. ##.##
...# ##..
#...##############....#
....
.........).a....@5....#
....
......############....#
.... .......## #'##
....
........############ .#
##..
..........%.........
....
......>...##....$...
##..
...........#........
#ยง.
........)..'........
#..
...........#........
#..


You could see a worker ant and a shadow imp.

Vanquished Creatures
  A black bear (D:6)
  A sky beast (D:5)
  2 phantoms (D:6)
  A scorpion (D:4)
  A howler monkey (D:5)
  2 crimson imps (D:5)
  A quasit (D:6)
  A hound (D:5)
  2 orc priests (D:5)
  2 orc wizards (D:5)
  Jessica (D:2)
  3 worker ants
  A hound skeleton (D:4)
  8 gnolls
  7 adders
  An ooze (D:5)
  An adder skeleton (D:6)
  2 worms
  2 dart slugs (D:1)
  5 leopard geckos
  6 orcs
  A ball python (D:1)
  5 giant cockroaches
  10 goblins
  9 hobgoblins
  5 jackals
  4 quokkas
  6 bats
  5 frilled lizards
  9 kobolds
  4 rats
109 creatures vanquished.

Vanquished Creatures (others)
  A plant (D:1)
1 creature vanquished.

Grand Total: 110 creatures vanquished

Notes
Turn   | Place    | Note
-------+----------+-------------------------------------------
     0 | D:1      | Gorglomux the Hill Orc Earth Elementalist began the quest for the Orb.
     0 | D:1      | Reached XP level 1. HP: 14/14 MP: 3/3
     8 | D:1      | Reached skill level 1 in Fighting
   152 | D:1      | Reached XP level 2. HP: 23/24 MP: 1/4
   158 | D:1      | Reached skill level 2 in Fighting
   949 | D:1      | Reached skill level 3 in Fighting
   949 | D:1      | Reached XP level 3. HP: 31/31 MP: 5/5
  1651 | D:2      | Noticed Terence
  1719 | D:2      | Noticed Jessica
  1722 | D:2      | Killed Jessica
  1722 | D:2      | Reached skill level 4 in Fighting
  1722 | D:2      | Reached XP level 4. HP: 39/40 MP: 4/6
  2160 | D:2      | Found a shimmering altar of Xom.
  2731 | D:3      | Found a deep blue altar of Sif Muna.
  2755 | D:3      | Reached skill level 5 in Fighting
  3023 | D:3      | Reached XP level 5. HP: 39/48 MP: 5/7
  3165 | D:3      | Noticed Syneil's ghost (amateur MiFi)
  3769 | D:3      | Found an ancient bone altar of Kikubaaqudgha.
  4693 | D:4      | Reached skill level 6 in Fighting
  5173 | D:5      | Entered Level 5 of the Dungeon
  5206 | D:4      | HP: 2/50 [scorpion (3)]
  5209 | D:4      | Reached XP level 6. HP: 14/58 MP: 0/8
  5491 | D:5      | Reached skill level 7 in Fighting
  5518 | D:4      | HP: 3/60 [worker ant (7)]
  5923 | D:5      | Reached skill level 8 in Fighting
  5995 | D:5      | Noticed a dagger
  5996 | D:5      | Noticed a dagger
  5996 | D:5      | Found a hide-covered altar of Uskayaw.
  6035 | D:5      | Reached XP level 7. HP: 59/69 MP: 0/9
  6737 | D:5      | Found a staircase to the Ecumenical Temple.
  6814 | Temple   | Entered the Ecumenical Temple
  6826 | Temple   | Became a worshipper of Warmaster Okawaru
  6976 | D:6      | Reached skill level 9 in Fighting
  7764 | D:6      | Reached skill level 10 in Fighting
  8084 | D:6      | Reached XP level 8. HP: 39/81 MP: 1/10
  8118 | D:6      | Reached * piety under Okawaru
  8345 | D:6      | Reached skill level 11 in Fighting
  8366 | D:6      | Gained mutation: Scrolls take you a little longer to read. [potion of mutation]
  8366 | D:6      | Gained mutation: Your flesh is heat resistant. (rF+) [potion of mutation]
  8366 | D:6      | Gained mutation: You have sharp toenails. [potion of mutation]
  8368 | D:6      | HP: 1/82 [worker ant (5)]
  8375 | D:6      | HP: 1/82 [poisoned by a worker ant]
  8388 | D:6      | HP: 1/82 [shadow imp/nerve-wracking pain (3)]
  8389 | D:6      | Slain by a shadow imp

Vault maps used:
D:1:      scummos_arrival_simple_crosswalls, serial_forest,
          infiniplex_forest_lined_corner, infiniplex_forest_clump_diagonal,
          infiniplex_forest_zigzag_2, infiniplex_forest_end_3,
          minmay_misc_feat_plants, serial_bayou_lagoon_a, supply_closet_lemuel
D:2:      lemuel_round_altar, uniq_jessica, uniq_terence
D:3:      nicolae_overflow_crystal_walls, lemuel_doored_altar, first_bread
D:5:      dancing_weapons_uskayaw, minmay_temple_entry_junction
D:6:      lemuel_insect_pit, uniq_menkaure
Temple:   minmay_freezing_vapour_temple

Skill      XL: |  1  2  3  4  5  6  7  8 |
---------------+-------------------------+-----
Fighting       | 1 3 4 5 6 8 10 11 | 11.0
Dodging        | |  1.5
Stealth        | |  1.5
Spellcasting   | |  1.5
Transmutations | |  0.6
Earth Magic    | |  3.0

Action                   |  1- 3 |  4- 6 |  7- 9 || total
-------------------------+-------+-------+-------++-------
Melee: Unarmed           |     4 |       |       ||     4
       Dagger            |    42 |       |       ||    42
       Short sword       |    39 |   215 |   110 ||   364
 Cast: Sandblast         |    12 |    54 |    57 ||   123
  Use: Potion            |       |     6 |     7 ||    13
       Scroll            |       |       |    16 ||    16
 Stab: Sleeping          |     2 |     3 |     1 ||     6
  Eat: Chunk             |     3 |    15 |     4 ||    22
       Meat ration       |       |       |     1 ||     1
Armor: Robe              |    12 |    27 |    34 ||    73
Dodge: Dodged            |    64 |   156 |   159 ||   379

Table legend:
 A = Spawn XP
 B = Non-spawn XP
 C = Spawn XP percentage of total XP
 D = Spawn monster count
 E = Non-spawn monster count
 F = Spawn count percentage of total count
 G = Total turns spent on level
                    A         B        C        D         E        F      G
               +---------+---------+-------+---------+---------+-------+---------
         Total |     137 |    1357 |   9.2 |      16 |      93 |  14.7 |  8389
               +---------+---------+-------+---------+---------+-------+---------
           D:1 |       7 |      40 |  14.9 |       4 |      22 |  15.4 |  1599
           D:2 |       6 |      76 |   7.3 |       2 |      11 |  15.4 |  1394
           D:3 |       1 |      58 |   1.7 |       1 |      18 |   5.3 |   955
           D:4 |      17 |     152 |  10.1 |       3 |      12 |  20.0 |  1765
           D:5 |      64 |     555 |  10.3 |       3 |      19 |  13.6 |  1841
           D:6 |      42 |     476 |   8.1 |       3 |      11 |  21.4 |   817
               +---------+---------+-------+---------+---------+-------+---------
